 Dungeon Crawl Stone Soup version 0.31.0-1-g2c135a0 (webtiles) character file.

Game seed: 4751539884723880788

203 edsrzf the Slasher (level 5, -1/34 HPs)
             Began as an Octopode Reaver on Feb 1, 2024.
             Slain by an orc priest
             ... wielding a +0 hand axe
              (7 damage)
             ... on level 4 of the Dungeon.
             The game lasted 00:04:48 (2733 turns).

edsrzf the Slasher (Octopode Reaver)                Turns: 2733, Time: 00:04:48

Health: -1/34      AC:  1    Str: 11    XL:     5   Next: 81%
Magic:  8/8        EV: 13    Int: 17    God:
Gold:   53         SH:  0    Dex: 11    Spells: 7/8 levels left

rFire   . . .        a - +0 great sword
rCold   . . .        (shield currently unavailable)
rNeg    . . .        k - +0 hat
rPois   .            (no amulet)
rElec   .            g - ring of wizardry
rCorr   .            (no ring)
SInv    .            (no ring)
Will    .....        (no ring)
Stlth   ++           (no ring)
HPRegen 0.25/turn    (no ring)
MPRegen 0.11/turn    (no ring)
                     (no ring)

%: wizardry (x1)
@: no status effects
A: almost no armour, amphibious, 8 rings, camouflage 1, gelatinous body 1,
(nimble swimmer 1), tentacles
a: no special abilities


You were on level 4 of the Dungeon.
You visited 1 branch of the dungeon, and saw 4 of its levels.

You collected 53 gold pieces.

Inventory:

Hand Weapons
 a - a +0 great sword (weapon)
 b - a +1 short sword of venom
 e - a +0 falchion
Missiles
 d - 5 poisoned darts
Armour
 k - a +0 hat (worn)
Jewellery
 g - a ring of wizardry (left tentacle)
 q - a ring of fire
Talismans
 m - a maw talisman
Scrolls
 c - a scroll of identify {unknown}
 f - a scroll of revelation {unknown}
 h - a scroll of noise {unknown}
 l - a scroll of teleportation {unknown}
 n - 2 scrolls of fear
 o - a scroll of poison {unknown}
 p - a scroll of vulnerability {unknown}
Potions
 i - a potion of curing {unknown}
 j - a potion of mutation {unknown}


   Skills:
 - Level 2.0 Fighting
 + Level 6.3 Long Blades
 - Level 2.0 Dodging
 - Level 2.0 Spellcasting
 - Level 3.0 Conjurations


You had 7 spell levels left.
You knew the following spells:

 Your Spells              Type           Power      Damage    Failure   Level
a - Kiss of Death         Conj/Necr      24%        2d7       4%          1

Your spell library contained the following spells:

 Spells                   Type           Power      Damage    Failure   Level
 Momentum Strike          Conj/Tloc      12%        3d8       6%          2
 Hailstorm                Conj/Ice       6%         3d5       12%         3


Dungeon Overview and Level Annotations

Branches:
Dungeon (4/15)
 Temple: D:4-7

Altars:

Shops:
D:1 :


Innate Abilities, Weirdness & Mutations

You cannot wear most types of armour.
You are amphibious.
You can wear up to eight rings at the same time.
Your skin changes colour to match your surroundings (Stealth+).
Your rubbery body absorbs attacks. (AC +1, EV +1)
((You are camouflaged when in or above water. (Stealth+)))
You have tentacles for arms and can constrict up to eight enemies at once.


Message History

You are frozen.
You hit the endoplasm. You squeeze the endoplasm.
You kill the endoplasm!
The kobold gives up.
The kobold shouts, "No!
I'll never do that again!"
Found a short sword.
Found 5 gold pieces.
The kobold seems to regain its courage.
The kobold throws a stone.
The stone hits you.
The kobold throws a stone.
The stone barely misses you.
You barely miss the kobold. Your grab misses the kobold.
Your squeeze misses the kobold. The kobold hits you with a +0 whip.
The kobold closely misses you.
You barely miss the kobold. Your grab misses the kobold.
The kobold closely misses you.
You closely miss the kobold. You grab the kobold. You squeeze the kobold.
You kill the kobold!
Things that are here:
a +0 whip; 4 stones; a kobold corpse You now have 53 gold pieces (gained 5).
An adder comes into view.
Found a tourmaline ring.
An adder is nearby!
Found a stone staircase leading up.
The helpless adder fails to defend itself.
You slice the adder!!
You kill the adder!
Found a stone staircase leading down.
You see here an adder corpse.
q - a ring of fire
Okay, then.
Found an escape hatch in the ceiling.
You open the door.
A frilled lizard comes into view.
There is an open door here.
A frilled lizard is nearby!
The frilled lizard hisses angrily.
The frilled lizard barely misses you.
You barely miss the frilled lizard. Your grab misses the frilled lizard.
Your squeeze misses the frilled lizard. The frilled lizard bites you.
You hit the frilled lizard but do no damage.
Your grab misses the frilled lizard. You squeeze the frilled lizard.
You kill the frilled lizard!
You see here a frilled lizard corpse.
You open the door.
There is an open door here.
You see here a +0 short sword.
Found a stone staircase leading down.
Found a stone.
You see here a stone.
A frilled lizard comes into view.
The helpless frilled lizard fails to defend itself.
You slice the frilled lizard!!
You kill the frilled lizard!
You see here a stone.
As you open the door, it creaks loudly!
Found a stone staircase leading up.
There is an open door here.
You open the door.
There is an open door here.
You open the door.
There is an open door here.
There is an open door here.
You see here a +0 short sword.
There is an open door here.
You see here a frilled lizard skeleton.
You open the door.
There is an open door here.
There is an escape hatch in the ceiling here.
Done exploring.
Done exploring.
There is an escape hatch in the ceiling here.
There is an open door here.
You open the door.
There is an open door here.
There is a stone staircase leading down here.
You climb downwards.
The orc priest shouts!
The orc shouts! x3; The ball python hisses angrily.
The orc shouts!
You hear an angry hiss.
There is a stone staircase leading up here.
There are monsters nearby!
Autoexplore enabled for D:4 An adder comes into view.
You slice the ball python!!
You kill the ball python!
The orc barely misses you. The orc priest barely misses you.
You hit the orc priest but do no damage.
You grab the orc priest.
You constrict the orc priest, but do no damage.
The orc priest hits you with a +0 hand axe.
You slash the orc priest!
The orc priest is severely wounded.
You constrict the orc priest. The orc barely misses you.
The orc priest hits you with a +0 hand axe.
The orc hits you with a +0 hand axe. x2; The orc hits you with a +0 dagger.
The orc hits you with a +0 hand axe.
* * * LOW HITPOINT WARNING * * *
The orc hits you with a +0 hand axe.
* * * LOW HITPOINT WARNING * * *
The orc priest hits you with a +0 hand axe!
You die...

.......
.........
.........
........# ##
#......# ..##
###......
....#
#.......##...#
......oo<....#
......o@.....#
.....Sooo....#
.........#####
.......#.#
.......###
##..... ##....
..###


You could see an orc priest, an adder and 5 orcs.

Vanquished Creatures
  A jelly (D:3)
  Jessica (D:2)
  Natasha (D:2)
  Robin (D:2)
  A gnoll (D:1)
  4 adders
  A ribbon worm (D:2)
  An orc (D:3)
  6 endoplasms
  2 giant cockroaches
  10 goblins
  9 hobgoblins
  A quokka (D:2)
  5 ball pythons
  4 bats
  3 frilled lizards
  7 kobolds
  12 rats
70 creatures vanquished.

Notes
Turn   | Place    | Note
-------+----------+-------------------------------------------
     0 | D:1      | edsrzf the Octopode Reaver began the quest for the Orb.
     0 | D:1      | Reached XP level 1. HP: 14/14 MP: 3/3
    55 | D:1      | Reached XP level 2. HP: 6/19 MP: 5/5
   238 | D:1      | Found Voklaav's Book Emporium.
   248 | D:1      | Reached skill level 4 in Long Blades
   263 | D:1      | Reached XP level 3. HP: 24/24 MP: 6/6
   379 | D:1      | Found a faded altar of an unknown god.
  1115 | D:2      | Noticed Robin
  1134 | D:2      | Reached XP level 4. HP: 29/29 MP: 7/7
  1165 | D:2      | Killed Robin
  1166 | D:2      | Reached skill level 5 in Long Blades
  1333 | D:2      | Noticed Natasha
  1337 | D:2      | Killed Natasha
  1466 | D:2      | Noticed Jessica
  1474 | D:2      | Killed Jessica
  1475 | D:2      | Reached XP level 5. HP: 30/34 MP: 8/8
  2012 | D:3      | Reached skill level 6 in Long Blades
  2347 | D:3      | Identified 3 scrolls of fear
  2733 | D:4      | Slain by an orc priest

Illustrated notes

Levels and vault maps discovered:
D:1:      matt_arrival_los_fun, layout_rooms, chequers_ecumenical_altar_island,
          serial_shops, shop, minmay_close_crescents
D:2:      layout_basic, uniq_natasha, uniq_jessica, uniq_robin
D:3:      layout_loops_corners
D:4:      layout_cave_pools, sigmund_edmund_badplayer, uniq_pikel, uniq_duvessa,
          uniq_ijyb

Skill      XL: |  1  2  3  4  5 |
---------------+----------------+-----
Long Blades    | 4 5 6 |  6.3
Fighting       | |  2.0
Dodging        | |  2.0
Spellcasting   | |  2.0
Conjurations   | |  3.0

Action                     |  1- 3 |  4- 6 || total
---------------------------+-------+-------++-------
  Melee: Falchion          |    17 |       ||    17
         Constrict         |    16 |    18 ||    34
         Tentacles         |    12 |    15 ||    27
         Great sword       |    52 |    59 ||   111
         Punch             |     1 |       ||     1
   Cast: Kiss of Death     |       |     1 ||     1
    Use: Scroll            |       |     1 ||     1
   Stab: Sleeping          |     4 |     6 ||    10
 Armour: Skin              |    27 |    34 ||    61
  Dodge: Dodged            |    39 |    42 ||    81
